 Dungeon Crawl Stone Soup version 0.31.0-7-gf635a9b802 (webtiles) character file.

Game seed: 14141347344851589345

150 Xavori the Slasher (level 5, -1/40 HPs)
             Began as a Djinni Chaos Knight on Jan 23, 2024.
             Was a Plaything of Xom.
             Slain by a river rat (5 damage)
             ... in a sewer.
             The game lasted 00:02:14 (9939 turns).

Xavori the Slasher (Djinni Chaos Knight)            Turns: 9939, Time: 00:02:14

Health: -1/40      AC:  8    Str: 10 (11) XL:     5   Next: 58%
Gold:   47         EV: 12    Int: 13      God:    Xom [......] SH:  0 Dex: 12 (15)

rFire   + + .        a - +0 falchion (chaos)
rCold   . . .        (no shield)
rNeg    . . .        b - +2 leather armour
rPois   ∞            s - +0 helmet
rElec   .            m - +0 cloak
rCorr   +            i - +0 pair of gloves
SInv    .            (boots unavailable)
Will    .....        f - amulet of the acrobat
Stlth   +            h - ring of resist corrosion
HPRegen 0.26/turn    l - ring of protection from cold
MPRegen 0.00/turn

%: random rage (3%), acrobat, infuse magic (-2 HP)
@: flying
A: sickness immunity, fire resistance 2, cold vulnerability 1, float, innate
caster, HP casting, extra vitality 1, berserk 1, deterioration 2, teleportitis
1, wild magic 1, inability to drink after injury 1, devolution 1, persistent
drain
a: Renounce Religion


You were in a sewer.
You worshipped Xom.
You were a very special plaything of Xom.
You visited 1 branch of the dungeon, and saw 3 of its levels.
You also visited: Sewer.

You collected 47 gold pieces.

Inventory:

Hand Weapons
 a - a +0 falchion of chaos (weapon)
Armour
 b - a +2 leather armour (worn)
 i - a +0 pair of gloves (worn)
 m - a +0 cloak (worn)
 s - a +0 helmet (worn)
Jewellery
 f - an amulet of the acrobat (around neck)
 h - a ring of resist corrosion (left hand)
 k - a ring of wizardry
 l - a ring of protection from cold (right hand)
Scrolls
 c - a scroll of butterflies
 e - 2 scrolls of enchant weapon {unknown}
 g - a scroll of acquirement {unknown}
 j - 4 scrolls of noise {unknown}
 o - a scroll of fear {unknown}
Potions
 d - a potion of berserk rage {unknown}
 n - a potion of brilliance {unknown}
 p - a potion of curing
 q - a potion of haste {unknown}
 r - a potion of lignification {unknown}
 t - a potion of invisibility {unknown}


   Skills:
 + Level 3.4 Fighting
 + Level 3.7 Long Blades
 + Level 2.7 Armour
 + Level 2.9 Dodging
 * Level 1.0 Spellcasting
 * Level 1.0 Conjurations
 * Level 1.0 Hexes
 * Level 1.0 Summonings
 * Level 1.0 Necromancy
 * Level 1.0 Translocations
 * Level 1.0 Fire Magic
 * Level 1.0 Ice Magic
 * Level 1.0 Air Magic
 * Level 1.0 Earth Magic
 * Level 1.0 Alchemy


You knew the following spells:

 Your Spells              Type           Power      Damage    Failure   Level
a - Magic Dart            Conj           16%        1d3       32%         1
b - Call Imp              Summ           8%         N/A       45%         2
Your spell library was empty.

Dungeon Overview and Level Annotations

Branches:
Dungeon (3/15)              Sewer (1/1)

Altars:


Innate Abilities, Weirdness & Mutations

You are immune to sickness and miasma.
You are immune to poison.
Your flesh is very heat resistant. (rF++)
You are vulnerable to cold. (rC-)
You float through the air rather than walking.
You learn spells naturally, not from books.
Your magical power is your life essence.
You have superior vitality. (+4 MHP)
You sometimes lose your temper in combat.
Your body often deteriorates upon taking damage.
You are occasionally teleported next to monsters.
Your spells are a little harder to cast, but a little more powerful.
You occasionally lose the ability to drink potions when taking damage.
You have hidden genetic defects.
Your health recovers twice as slowly from being drained.


Message History

Your rat zombie closely misses the river rat.
The river rat bites you.
* * * LOW HITPOINT WARNING * * *
The river rat bites you but does no damage.
Your rat zombie barely misses the river rat.
Your rat zombie misses the river rat.
You feel a genetic drift.
The river rat attacks as it pursues you!
The river rat completely misses you.
Your rat zombie bites the river rat but does no damage.
The river rat barely misses your rat zombie.
Something barely misses your rat zombie.
The river rat attacks as it pursues you!
The river rat completely misses you. Something bites your rat zombie!
Your rat zombie is destroyed!
The river rat attacks as it pursues you!
The river rat completely misses you.
You closely miss the river rat. The river rat bites you.
* * * LOW HITPOINT WARNING * * *
Your body deteriorates!
You feel clumsy.
You hit the river rat. You burn the river rat.
The river rat is moderately wounded.
The river rat barely misses you.
You hit the river rat.
The river rat is heavily wounded.
The river rat bites you but does no damage.
You closely miss the river rat.
The river rat is heavily wounded.
The river rat bites you but does no damage.
You barely miss the river rat.
The river rat is heavily wounded.
The river rat bites you!
* * * LOW HITPOINT WARNING * * *
Unknown command.
You barely miss the river rat.
The river rat is heavily wounded.
The river rat bites you but does no damage.
You closely miss the river rat.
The river rat is heavily wounded.
The river rat bites you.
You die...

#∩
##...≈≈≈≈≈~......#
#....≈≈≈≈≈~.....#
##...~≈≈≈≈≈#.†..#
#....~≈≈≈≈≈##.††#
##.....≈≈≈≈≈≈##.r#
#....~.≈≈≈≈≈≈##..##
#.....≈≈≈≈≈≈≈#....#
#....~≈≈≈≈≈≈≈~....##
##....≈≈≈@r≈≈.~....#
#.†..≈≈≈≈≈≈≈≈.....#
#....≈≈≈≈≈≈≈≈≈~...#
##..~≈≈≈≈≈≈≈≈≈~...#
###'###≈≈≈≈≈≈###+##
#...))#≈≈≈≈≈≈#
#...).#≈≈≈≈≈≈#
##..)##≈≈≈≈≈≈#
#.....#


You could see a river rat.

Vanquished Creatures
  Terence (D:2)
  3 adders (D:2)
  3 river rats
  2 dart slugs
  7 ball pythons
  6 bats
  5 endoplasms
  4 giant cockroaches
  3 goblins (D:1)
  5 hobgoblins
  7 kobolds
  4 quokkas
  4 frilled lizards
  19 rats
73 creatures vanquished.

Vanquished Creatures (others)
  A rat zombie (Sewer)
1 creature vanquished.

Grand Total: 74 creatures vanquished

Notes
Turn   | Place    | Note
-------+----------+-------------------------------------------
     0 | D:1      | Xavori the Djinni Chaos Knight began the quest for the Orb.
     0 | D:1      | Reached XP level 1. HP: 20/20 MP: 0/0
    29 | D:1      | XOM: potion effect (haste)
    41 | D:1      | Reached XP level 2. HP: 21/25 MP: 0/0
   498 | D:1      | Reached XP level 3. HP: 29/30 MP: 0/0
   498 | D:1      | Learned a level 1 spell: Magic Dart
  1598 | D:1      | XOM: silly message
  1996 | D:1      | XOM: cloud trail
  2391 | D:1      | XOM: silly message
  3260 | D:1      | XOM: summons 4 hostile shadow creatures
  3262 | D:2      | XOM: blink monster(s)
  3457 | D:1      | XOM: give mutations
  3457 | D:1      | Gained mutation: Armour fits poorly on your strangely
                  | shaped body. [Xom's mischief]
  3457 | D:1      | Gained mutation: Your body sometimes deteriorates upon
                  | taking damage. [Xom's mischief]
  3555 | D:1      | XOM: noise
  3595 | D:1      | XOM: give mutation
  3595 | D:1      | Gained mutation: You sometimes lose your temper in combat.
                  | [Xom's mischief]
  4340 | D:1      | XOM: silly message
  4595 | D:1      | XOM: give mutations
  4595 | D:1      | Lost mutation: Armour fits poorly on your strangely shaped
                  | body. [Xom's mischief]
  4595 | D:1      | Gained mutation: You have a pair of small antennae on your
                  | head. [Xom's mischief]
  4595 | D:1      | Gained mutation: Your spells are a little harder to cast,
                  | but a little more powerful. [Xom's mischief]
  4595 | D:1      | Gained mutation: Your movements are slightly less
                  | encumbered by armour. (ER -2) [Xom's mischief]
  4629 | D:1      | XOM: give mutation
  4629 | D:1      | Gained mutation: Your health recovers twice as slowly from
                  | being drained. [Xom's mischief]
  5971 | D:1      | XOM: stat loss: -1 Dex (13/14)
  5982 | D:1      | XOM is BORED!
  5982 | D:1      | XOM: give mutations
  5982 | D:1      | Gained mutation: You occasionally lose the ability to drink
                  | potions when taking damage. [Xom's mischief]
  5982 | D:1      | Lost mutation: You have a pair of small antennae on your
                  | head. [Xom's mischief]
  6851 | D:1      | XOM: summons 2 hostile demons
  6981 | D:2      | XOM: silly message
  7886 | D:1      | XOM: silly message
  8037 | D:1      | XOM: god gift: coppery potion {god gift}
  8321 | D:1      | XOM: divination: detect creatures
  8721 | D:1      | XOM: silly message
  9016 | D:2      | Reached XP level 4. HP: 35/35 MP: 0/0
  9074 | D:2      | Noticed Terence
  9087 | D:2      | Killed Terence
  9358 | D:2      | XOM: give mutations
  9358 | D:2      | Gained mutation: Your body often deteriorates upon taking
                  | damage. [Xom's mischief]
  9358 | D:2      | Gained mutation: You are occasionally teleported next to
                  | monsters. [Xom's mischief]
  9358 | D:2      | Lost mutation: Your movements are slightly less encumbered
                  | by armour. (ER -2) [Xom's mischief]
  9358 | D:2      | Gained mutation: You have hidden genetic defects. [Xom's
                  | mischief]
  9676 | D:3      | Reached XP level 5. HP: 40/40 MP: 0/0
  9676 | D:3      | Learned a level 2 spell: Call Imp
  9686 | D:3      | Found a glowing drain.
  9709 | D:3      | Reached skill level 1 in Spellcasting
  9709 | D:3      | Reached skill level 1 in Conjurations
  9709 | D:3      | Reached skill level 1 in Hexes
  9709 | D:3      | Reached skill level 1 in Summonings
  9709 | D:3      | Reached skill level 1 in Necromancy
  9709 | D:3      | Reached skill level 1 in Translocations
  9709 | D:3      | Reached skill level 1 in Fire Magic
  9709 | D:3      | Reached skill level 1 in Ice Magic
  9709 | D:3      | Reached skill level 1 in Air Magic
  9709 | D:3      | Reached skill level 1 in Earth Magic
  9709 | D:3      | Reached skill level 1 in Alchemy
  9726 | Sewer    | Entered a sewer
  9939 | Sewer    | Slain by a river rat

Illustrated notes

Levels and vault maps discovered:
D:1:      dpeg_arrival_round_a, layout_basic
D:2:      layout_basic, st_stairs_10, nrook_mini_backslash,
          corexii_item_surrounded_by_moat, uniq_terence
D:3:      layout_rooms, chequers_ecumenical_altar_island, portal_sewer_entry_b,
          minmay_quantized
Sewer:    sewer_minmay_treatment

Skill      XL: |  1  2  3  4  5 |
---------------+----------------+-----
Long Blades    | 3 |  3.7
Armour         | 2 |  2.7
Spellcasting   | 1 |  1.0
Conjurations   | 1 |  1.0
Hexes          | 1 |  1.0
Summonings     | 1 |  1.0
Necromancy     | 1 |  1.0
Translocations | 1 |  1.0
Fire Magic     | 1 |  1.0
Ice Magic      | 1 |  1.0
Air Magic      | 1 |  1.0
Earth Magic    | 1 |  1.0
Alchemy        | 1 |  1.0
Fighting       | |  3.4
Dodging        | |  2.9

Action                     |  1- 3 |  4- 6 || total
---------------------------+-------+-------++-------
  Melee: Falchion          |    71 |   125 ||   196
         Punch             |       |     2 ||     2
    Use: Potion            |     1 |       ||     1
   Stab: Sleeping          |       |     1 ||     1
 Armour: Leather armour    |    40 |    97 ||   137
  Dodge: Dodged            |    71 |   151 ||   222
